 Dungeon Crawl Stone Soup version 0.23.1-37-gaa34b87 (webtiles) character file.

Game seed: 4642584013795641414

364 arctice the Sneak (level 6, -3/43 HPs)
             Began as an Octopode Fighter on Mar 23, 2019.
             Slain by a bullfrog (8 damage)
             ... in a sewer.
             The game lasted 00:13:41 (3906 turns).

arctice the Sneak (Octopode Fighter)                Turns: 3906, Time: 00:13:42

Health: -3/43      AC:  1    Str: 16    XL:     6   Next: 67%
Magic:  6/6        EV: 12    Int: 15    God:
Gold:   92         SH:  9    Dex: 13    Spells: 5/5 levels left

rFire    . . .     SeeInvis .   a - +0 rapier
rCold    . . .     Gourm    .   b - +0 shield
rNeg     . . .     Faith    .   (helmet restricted)
rPois    .         Spirit   .   (no amulet)
rElec    .         Reflect  .   (no ring)
rCorr    .         Harm     .   (no ring)
MR       .....                  (no ring)
Stlth    ++++......             (no ring)
HPRegen  0.14/turn              (no ring)
MPRegen  0.10/turn              (no ring)
                                (no ring)
                                (no ring)

@: brilliant, lethally poisoned (-3 -> -16), flying, hasted, very quick
A: almost no armour, stealthy swim, amphibious, 8 rings, constrict 8, camouflage
1, gelatinous body 1
a: no special abilities


You were in a sewer.
You were not hungry.

You visited 1 branch of the dungeon, and saw 4 of its levels.
You also visited: Sewer.

You collected 92 gold pieces.

Inventory:

Hand Weapons
 a - a +0 rapier (weapon)
Armour
 b - a +0 shield (worn)
 u - a +0 large shield
Wands
 r - a wand of flame (16)
Scrolls
 f - 2 scrolls of remove curse
 h - a scroll of noise
 k - 2 scrolls of magic mapping
 p - 2 scrolls of fog {unknown}
 q - a scroll of random uselessness {unknown}
 t - a scroll of enchant armour {unknown}
Potions
 c - a potion of might
 e - 2 potions of cancellation {unknown}
 g - 2 potions of haste
 i - a potion of degeneration {unknown}
 j - a potion of brilliance
 l - a potion of berserk rage {unknown}
 m - a potion of magic
 s - a potion of heal wounds
Comestibles
 d - 8 rations
 v - 2 chunks of flesh


   Skills:
 + Level 3.8 Fighting
 + Level 3.6 Short Blades
 - Level 3.7 Dodging
 * Level 5.9 Stealth
 + Level 3.6 Shields


You had 5 spell levels left.
You didn't know any spells.
Your spell library was empty.

Dungeon Overview and Level Annotations

Branches:
Dungeon (4/15)
 Temple: D:4-7

Altars:


Innate Abilities, Weirdness & Mutations

You cannot wear most types of armour.
You are very stealthy in the water. (Stealth+)
You are amphibious.
You can wear up to eight rings at the same time.
You can use your tentacles to constrict eight enemies at once.
Your skin changes colour to match your surroundings (Stealth+).
Your rubbery body absorbs attacks. (AC +1, EV +1)


Message History

The bullfrog closely misses you. You block the bullfrog's attack.
You block the adder's attack. The adder bites you. The adder barely misses you.
The adder bites you.
You are poisoned.
The adder poisons you! The adder bites you.
You are more poisoned.
The adder poisons you! You block the bullfrog's attack. The bullfrog hits you.
You block the adder's attack.
You feel sick. The bullfrog barely misses you. The adder bites you. x2
* * * LOW HITPOINT WARNING * * *
You block the adder's attack.
It was a potion of haste.
You feel yourself speed up.
You feel sick. The bullfrog barely misses you. The adder bites you.
* * * LOW HITPOINT WARNING * * *
You are lethally poisoned!
The adder poisons you! The adder completely misses you.
The adder closely misses you. The adder bites you.
* * * LOW HITPOINT WARNING * * *
The bullfrog hits you!
You die...

#≈≈≈≈≈≈# #≈≈≈≈≈≈#
#≈≈≈≈≈≈# #≈≈†#≈≈#
#≈≈≈≈≈≈# #≈≈≈S.≈#
#≈...≈≈# #≈≈≈≈.≈#
#≈....≈# #≈≈≈≈≈≈#
#≈....≈# #≈l≈≈≈≈#
#≈≈≈≈≈≈# #≈F≈≈≈≈#
#≈≈≈≈≈≈# #SSF≈≈≈#
#≈≈≈≈≈≈# #≈@S≈≈≈#
#≈≈≈≈≈≈# #≈≈S≈≈≈#
#≈≈≈≈≈≈# #####≈≈≈≈≈≈#
#...≈≈## #..###.≈≈≈.#
#......###..##......#
##......##'##..÷...##
#.......#.........#
##...............##
####.........####


You could see 2 bullfrogs, 4 adders, a ball python (wandering) and a frilled
lizard.

Vanquished Creatures
  A scorpion (D:4)
  15 adders
  5 river rats (Sewer)
  2 oozes (D:2)
  A worm (D:3)
  3 dart slugs
  5 leopard geckos
  7 ball pythons
  11 bats
  15 giant cockroaches
  10 goblins
  5 hobgoblins
  5 jackals (D:2)
  A quokka (D:3)
  4 frilled lizards
  8 kobolds
  27 rats
125 creatures vanquished.

Notes
Turn   | Place    | Note
-------+----------+-------------------------------------------
     0 | D:1      | arctice the Octopode Fighter began the quest for the Orb.
     0 | D:1      | Reached XP level 1. HP: 16/16 MP: 1/1
   122 | D:1      | Reached skill level 1 in Stealth
   154 | D:1      | Reached XP level 2. HP: 19/21 MP: 2/2
   307 | D:1      | Reached skill level 2 in Stealth
   307 | D:1      | Reached XP level 3. HP: 26/26 MP: 3/3
  1113 | D:2      | Reached XP level 4. HP: 19/31 MP: 4/4
  1266 | D:2      | Reached skill level 3 in Stealth
  1671 | D:2      | Reached XP level 5. HP: 34/36 MP: 5/5
  1674 | D:2      | Reached skill level 4 in Stealth
  2389 | D:3      | Found a faded altar of an unknown god.
  2737 | D:4      | Noticed a phantom
  2770 | D:4      | Reached skill level 5 in Stealth
  2770 | D:4      | Reached XP level 6. HP: 30/43 MP: 6/6
  2843 | D:4      | Found a glowing drain.
  2856 | Sewer    | Entered a sewer
  3900 | Sewer    | HP: 2/43 [adder (5)]
  3906 | Sewer    | Slain by a bullfrog

Skill      XL: |  1  2  3  4  5 |
---------------+----------------+-----
Stealth        | 1 2 3 5 |  5.9
Short Blades   | 3 |  3.6
Fighting       | |  3.8
Dodging        | |  3.7
Shields        | |  3.6

Action                   |  1- 3 |  4- 6 || total
-------------------------+-------+-------++-------
Melee: Rapier            |    55 |   177 ||   232
       Constrict         |    12 |    55 ||    67
       Tentacles         |     6 |    32 ||    38
  Use: Scroll            |       |     3 ||     3
       Potion            |       |    10 ||    10
 Stab: Sleeping          |    14 |    11 ||    25
  Eat: Chunk             |     1 |     9 ||    10
Armor: Skin              |     7 |    15 ||    22
Dodge: Dodged            |    25 |   118 ||   143
Block: Shield            |    24 |   112 ||   136
